 Dungeon Crawl Stone Soup version 0.14-a0-445-g388476e (webtiles) character file.

311 LostMyPassword the Digger (level 5, -12/28 HPs)
             Began as a Gargoyle Earth Elementalist on Oct 30, 2013.
             Killed by divine providence
             ... invoked by an orc priest
              (14 damage)
             ... on Level 3 of the Dungeon.
             The game lasted 00:12:25 (2950 turns).

LostMyPassword the Digger (GrEE)                    Turns: 2950, Time: 00:12:25

HP -12/28        AC  6     Str 11      XL: 5   Next: 22%
MP   8/8         EV 12     Int 17      God:
Gold 172         SH  0     Dex 10      Spells:  1 memorised,  5 levels left

Res.Fire  : . . .   See Invis. : .     - Unarmed
Res.Cold  : . . .   Warding    : .   c - +0 robe
Life Prot.: + . .   Conserve   : .   (no shield)
Res.Poison: +       Res.Corr.  : .   (no helmet)
Res.Elec. : .       Clarity    : .   (no cloak)
Sust.Abil.: . .     Spirit.Shd : .   (no gloves)
Res.Mut.  : .       Stasis     : .   (no boots)
Res.Rott. : +       Flight     : .   (no amulet)
Saprovore : . . .                    (no ring)
                                     (no ring)

@: slightly resistant to hostile enchantments, fairly stealthy
A: fangs 1, talons 2, life protection 1, slow metabolism 1, unbreathing,
petrification resistance, AC +4
a: no special abilities


You were on level 3 of the Dungeon.
You were not hungry.

You visited 1 branch of the dungeon, and saw 3 of its levels.

You collected 152 gold pieces.

Inventory:

Missiles
 b - 95 stones (quivered)
Armour
 c - a +0 robe (worn)
Comestibles
 a - 2 bread rations
 o - an apple
 t - a meat ration
Scrolls
 e - a scroll of curse weapon {unknown}
 f - 2 scrolls of curse jewellery {unknown}
 g - a scroll of teleportation {unknown}
 h - a scroll of noise {unknown}
 j - 5 scrolls of identify {unknown}
 k - 2 scrolls of remove curse {unknown}
 l - a scroll of fog {unknown}
 m - a scroll of magic mapping {unknown}
 n - 2 scrolls of curse armour {unknown}
 s - a scroll of blinking {unknown}
Potions
 i - 2 potions of restore abilities {unknown}
 p - 5 potions of curing {unknown}
 r - a potion of might {unknown}
Books
 d - a book of Geomancy

   Spells                             Type                      Level
   *Sandblast                         Earth                        1
   Stoneskin                          Transmutation/Earth          2
   Passwall                           Transmutation/Earth          3
   Stone Arrow                        Conjuration/Earth            3
   Petrify                            Transmutation/Earth          4
   Lee's Rapid Deconstruction         Earth                        5


   Skills:
 - Level 1.5 Dodging
 - Level 2.1 Stealth
 * Level 4.2 Unarmed Combat
 - Level 1.0 Spellcasting
   Level 0.7 Transmutations
 + Level 4.8 Earth Magic


You had 5 spell levels left.
You knew the following spells:

 Your Spells              Type           Power        Failure   Level  Hunger
a - Sandblast             Erth           ###...       2%          1    ##.....


Dungeon Overview and Level Annotations

Branches:
Dungeon (3/27)

Altars:


Innate Abilities, Weirdness & Mutations

You are resistant to torment.
You are immune to poison.
Your stone body is very resilient (AC +4).
You have very sharp teeth.
You have razor-sharp toenails.
You resist negative energy.
You have a slow metabolism.
You can survive without breathing.
You are immune to petrification.


Message History

This raw flesh tastes terrible.
You continue eating.
There is an open door here.
The orc priest shouts!
The orc shouts!
The orc shouts!
The orc priest calls down the wrath of Beogh upon you.
Something smites you!
Casting: Sandblast
Confirm with . or Enter, or press ? or * to list all spells.
You can't see any susceptible monsters within range! (Use Z to cast anyway.)
The orc priest calls down the wrath of Beogh upon you.
Something smites you!
* * * LOW HITPOINT WARNING * * *
The orc priest mumbles some strange prayers to Beogh against you.
Pain shoots through your body!
* * * LOW HITPOINT WARNING * * *
The orc priest mumbles some strange prayers to Beogh against you.
Something smites you!
Ouch! That really hurt!
You die...

.)............ #.#o#
..............##.#.###.#
................oo..o....
.................#
##..............o#
##...#########...# .'...#
###.# ##...# #.###.#
#...###########@....#.#
#...##................#
##...##.################
...%.....# #.....#..#
#...#.#..# ####.....#
#.....##.# #.##.## .#


You could see an orc priest and 2 orcs.

Vanquished Creatures
  An orc priest (D:3)
  Terence (D:2)
  3 adders
  A worm (D:3)
  An ooze (D:1)
  3 orcs (D:3)
  A ball python (D:2)
  7 goblins
  5 hobgoblins
  12 jackals
  5 bats
  3 giant geckos
  7 giant newts
  3 kobolds
  5 rats
58 creatures vanquished.

Notes
Turn   | Place    | Note
--------------------------------------------------------------
     0 | D:1      | LostMyPassword, the Gargoyle Earth Elementalist, began the quest for the Orb.
     0 | D:1      | Reached XP level 1. HP: 10/10 MP: 3/3
   177 | D:1      | Reached skill level 1 in Unarmed Combat
   226 | D:1      | Reached XP level 2. HP: 15/15 MP: 2/4
   951 | D:2      | Reached XP level 3. HP: 12/19 MP: 5/5
  1228 | D:2      | Reached skill level 4 in Earth Magic
  1759 | D:2      | Noticed Terence
  1775 | D:2      | Killed Terence
  1775 | D:2      | Reached XP level 4. HP: 16/24 MP: 0/7
  2488 | D:3      | Reached XP level 5. HP: 9/28 MP: 1/8
  2950 | D:3      | Killed from afar by an orc priest

Action                   |  1- 3 |  4- 6 || total
-------------------------+-------+-------++-------
Melee: Unarmed           |    78 |    27 ||   105
 Cast: Sandblast         |    61 |    30 ||    91
